PCL
GRESHAM GOLD SOULS @ DISTRICT 9 PRAWNS
04/10/2030
 
TOP OF THE 1ST
Gresham Gold Souls batting - Pitching for District 9 Prawns : LHP Pedro Valdés
Pitching: LHP Pedro Valdés
Batting: SHB Dale Winters 0-0: SINGLE (Groundball, 56S) (infield hit)
Batting: RHB Jared Thompson 0-0: Called Strike
0-1: SINGLE (Groundball, 4MD)
Dale Winters to second
Runner from 2nd tries for 3rd, SAFE, no throw
Batting: RHB Peter Hensley 0-0: Called Strike
0-1: Ground out 5-3 (Groundball, 25)
Dale Winters scores
Jared Thompson to second
Batting: RHB Mario Méndez 0-0: Called Strike
0-1: DOUBLE (Flyball, 8RXD)
Jared Thompson scores
Batting: RHB Alberto Chávez 0-0: Called Strike
0-1: Ball
1-1: Ball
2-1: Called Strike
2-2: Ball
3-2: TRIPLE (Flyball, 8RXD)
Mario Méndez scores
Batting: SHB Felipe Castro 0-0: Ball
1-0: Ball
2-0: Ball
3-0: Fly out, F7 (Flyball, 7LS)
Runner from 3rd tags up, SCORES, no throw
Batting: RHB David Hernández 0-0: Called Strike
0-1: Ball
1-1: Ball
2-1: SINGLE (Groundball, 6MD)
Batting: RHB Willie Houk 0-0: Ball
1-0: Ball
2-0: Fly out, F8 (Flyball, 8LD)
Top of the 1st over - 4 runs, 5 hits, 0 errors, 1 left on base; Gresham 4 - District 9 0
BOTTOM OF THE 1ST
District 9 Prawns batting - Pitching for Gresham Gold Souls : RHP Pat Wyatt
Pitching: RHP Pat Wyatt
Batting: SHB Júlio Macías 0-0: Ball
1-0: Ball
2-0: Called Strike
2-1: Called Strike
2-2: Ball
3-2: Foul Ball, location: 2F
3-2: Foul Ball, location: 2F
3-2: Foul Ball, location: 2F
3-2: Base on Balls
Batting: RHB José Colón 0-0: Called Strike
0-1: Ball
1-1: Ball
2-1: Ball
3-1: Called Strike
3-2: Base on Balls
Júlio Macías to second
Batting: LHB Mike Davis 0-0: Called Strike
0-1: Ball
1-1: Called Strike
1-2: Ball
2-2: Grounds into double play, 6-4-3 (Groundball, 6)
Júlio Macías to third
Batting: LHB Manuel Cardenas 0-0: Fly out, F7 (Line Drive, 78M)
Bottom of the 1st over - 0 runs, 0 hits, 0 errors, 1 left on base; Gresham 4 - District 9 0
TOP OF THE 2ND
Gresham Gold Souls batting - Pitching for District 9 Prawns : LHP Pedro Valdés
Batting: SHB Dawson Fowler 0-0: Ball
1-0: Called Strike
1-1: Called Strike
1-2: Foul Ball, location: 2F
1-2: Ball
2-2: Strikes out swinging
Batting: SHB Dale Winters 0-0: Ball
1-0: SINGLE (Flyball, 78S)
Batting: RHB Jared Thompson 0-0: Called Strike
0-1: Swinging Strike
0-2: Foul Ball, location: 2F
0-2: Strikes out swinging
Throwing error on steal attempt, E2
Dale Winters to third
Batting: RHB Peter Hensley 0-0: Swinging Strike
0-1: Fly out, F8 (Flyball, 8LS)
Top of the 2nd over - 0 runs, 1 hit, 1 error, 1 left on base; Gresham 4 - District 9 0
BOTTOM OF THE 2ND
District 9 Prawns batting - Pitching for Gresham Gold Souls : RHP Pat Wyatt
Batting: RHB Edgardo Carrasco 0-0: Ball
1-0: Ground out 4-3 (Groundball, 4M)
Batting: LHB Al Bartlett 0-0: Ball
1-0: Called Strike
1-1: SINGLE (Groundball, 34D)
Batting: RHB Bernardo Corona 0-0: Ball
1-0: Called Strike
1-1: Ball
2-1: Ground out U3 (Groundball, 34S)
Al Bartlett to second
Batting: LHB Culley Vaughan 0-0: Called Strike
0-1: Ground out 4-3 (Groundball, 4)
Bottom of the 2nd over - 0 runs, 1 hit, 0 errors, 1 left on base; Gresham 4 - District 9 0
TOP OF THE 3RD
Gresham Gold Souls batting - Pitching for District 9 Prawns : LHP Pedro Valdés
Batting: RHB Mario Méndez 0-0: Ball
1-0: SINGLE (Flyball, 89M)
Batting: RHB Alberto Chávez 0-0: Called Strike
0-1: Ball
1-1: SINGLE (Groundball, 4MD)
Mario Méndez to second
Runner from 2nd tries for 3rd, OUT!
Batting: SHB Felipe Castro 0-0: Foul Ball, location: 2F
0-1: Ball
1-1: Ball
2-1: Ball
3-1: Foul Ball, location: 2F
3-2: Foul Ball, location: 2F
3-2: Grounds into double play, 4-6-3 (Groundball, 4M)
Top of the 3rd over - 0 runs, 2 hits, 0 errors, 0 left on base; Gresham 4 - District 9 0
BOTTOM OF THE 3RD
District 9 Prawns batting - Pitching for Gresham Gold Souls : RHP Pat Wyatt
Batting: RHB Alfredo Rangel 0-0: Fly out, F4 (Line Drive, 6M)
Batting: SHB Júlio Macías 0-0: Ball
1-0: Ball
2-0: Foul Ball, location: 2F
2-1: Foul Ball, location: 2F
2-2: Foul Ball, location: 2F
2-2: Foul Ball, location: 2F
2-2: Ball
3-2: Base on Balls
Batting: RHB José Colón 0-0: Ball
1-0: Ball
2-0: Ball
Júlio Macías steals 2nd base
3-0: Called Strike
3-1: Base on Balls
Batting: LHB Mike Davis 0-0: Foul Ball, location: 2F
0-1: Called Strike
0-2: Foul Ball, location: 2F
0-2: 3-RUN HOME RUN (Flyball, 9LD), Distance : 356 ft
Batting: LHB Manuel Cardenas 0-0: Called Strike
0-1: Foul Ball, location: 2F
0-2: Ball
1-2: Ball
2-2: Ball
3-2: Single, Error in OF, E7, batter to second base
Batting: RHB Edgardo Carrasco 0-0: Called Strike
0-1: Ground out 5-3 (Groundball, 5)
Batting: LHB Al Bartlett 0-0: Ball
1-0: Ball
2-0: Foul Ball, location: 2F
2-1: Ball
3-1: Ground out 4-3 (Groundball, 4)
Bottom of the 3rd over - 3 runs, 2 hits, 1 error, 1 left on base; Gresham 4 - District 9 3
TOP OF THE 4TH
Gresham Gold Souls batting - Pitching for District 9 Prawns : LHP Pedro Valdés
Batting: RHB David Hernández 0-0: Ball
1-0: Called Strike
1-1: Ball
2-1: Foul Ball, location: 2F
2-2: Ball
3-2: Fly out, F4 (Line Drive, 4MD)
Batting: RHB Willie Houk 0-0: Called Strike
0-1: Called Strike
0-2: Fly out, F3 (Popup, 3S)
Batting: SHB Dawson Fowler 0-0: Ball
1-0: Fly out, F2 (Popup, 3SF)
Top of the 4th over - 0 runs, 0 hits, 0 errors, 0 left on base; Gresham 4 - District 9 3
BOTTOM OF THE 4TH
District 9 Prawns batting - Pitching for Gresham Gold Souls : RHP Pat Wyatt
Batting: RHB Bernardo Corona 0-0: Ball
1-0: Ball
2-0: Ball
3-0: Called Strike
3-1: SINGLE (Groundball, 6MD)
Batting: LHB Culley Vaughan 0-0: Ball
1-0: Ball
2-0: Ball
3-0: Base on Balls
Bernardo Corona to second
Batting: RHB Alfredo Rangel 0-0: DOUBLE (Line Drive, 89M)
Bernardo Corona scores
Culley Vaughan to third
Batting: SHB Júlio Macías 0-0: Called Strike
0-1: Foul Ball, location: 2F
0-2: Ball
1-2: Foul Ball, location: 2F
1-2: Strikes out swinging
Batting: RHB José Colón 0-0: Fly out, F5 (Popup, 5SF)
Batting: LHB Mike Davis 0-0: Foul Ball, location: 2F
0-1: Swinging Strike
0-2: Ball
1-2: Foul Ball, location: 2F
1-2: Strikes out looking
Bottom of the 4th over - 1 run, 2 hits, 0 errors, 2 left on base; Gresham 4 - District 9 4
TOP OF THE 5TH
Gresham Gold Souls batting - Pitching for District 9 Prawns : LHP Pedro Valdés
Batting: SHB Dale Winters 0-0: Fly out, F8 (Flyball, 8RXD)
Batting: RHB Jared Thompson 0-0: Fly out, F8 (Flyball, 8LM)
Batting: RHB Peter Hensley 0-0: Ball
1-0: Ball
2-0: Called Strike
2-1: Ground out 5-3 (Groundball, 56)
Top of the 5th over - 0 runs, 0 hits, 0 errors, 0 left on base; Gresham 4 - District 9 4
BOTTOM OF THE 5TH
District 9 Prawns batting - Pitching for Gresham Gold Souls : RHP Pat Wyatt
Batting: LHB Manuel Cardenas 0-0: Foul Ball, location: 2F
0-1: Foul Ball, location: 2F
0-2: Fly out, F8 (Flyball, 89D)
Batting: RHB Edgardo Carrasco 0-0: Reached via error on a dropped throw, E1
Batting: LHB Al Bartlett 0-0: Called Strike
Edgardo Carrasco steals 2nd base
0-1: Called Strike
0-2: Ball
1-2: Fly out, F7 (Flyball, 78S)
Batting: RHB Bernardo Corona 0-0: Called Strike
0-1: Ball
1-1: Called Strike
1-2: Fly out, F8 (Flyball, 8LM)
Bottom of the 5th over - 0 runs, 0 hits, 1 error, 1 left on base; Gresham 4 - District 9 4
TOP OF THE 6TH
Gresham Gold Souls batting - Pitching for District 9 Prawns : LHP Pedro Valdés
Batting: RHB Mario Méndez 0-0: Called Strike
0-1: SINGLE (Groundball, 6MD)
Pitching: RHP Paul Ewing
Batting: RHB Alberto Chávez 0-0: Ball
1-0: Ball
2-0: Swinging Strike
2-1: Ball
3-1: Swinging Strike
3-2: DOUBLE (Line Drive, 78D)
Mario Méndez to third
Batting: SHB Felipe Castro 0-0: Intentional Walk
Batting: RHB David Hernández 0-0: Ball
1-0: Grounds into fielders choice 6-2 (Groundball, 6)
Alberto Chávez to third
Felipe Castro to second
Batting: RHB Willie Houk 0-0: Called Strike
0-1: Swinging Strike
0-2: Strikes out swinging
Batting: SHB Dawson Fowler 0-0: Called Strike
0-1: Ground out 3-1 (Groundball, 34S)
Top of the 6th over - 0 runs, 2 hits, 0 errors, 3 left on base; Gresham 4 - District 9 4
BOTTOM OF THE 6TH
District 9 Prawns batting - Pitching for Gresham Gold Souls : RHP Pat Wyatt
Pitching: RHP Jeff Hansen
Batting: LHB Culley Vaughan 0-0: Called Strike
0-1: Called Strike
0-2: Ball
1-2: Ball
2-2: Foul Ball, location: 2F
2-2: SINGLE (Line Drive, 34D)
Batting: RHB Alfredo Rangel 0-0: Foul Ball, location: 2F
0-1: Foul Ball, location: 2F
0-2: Strikes out looking
Batting: SHB Júlio Macías 0-0: Fielders Choice at 2nd, 6-4 (Groundball, 6)
Batting: RHB José Colón 0-0: Ball
1-0: Ground out 5-3 (Groundball, 56S)
Bottom of the 6th over - 0 runs, 1 hit, 0 errors, 1 left on base; Gresham 4 - District 9 4
TOP OF THE 7TH
Gresham Gold Souls batting - Pitching for District 9 Prawns : RHP Paul Ewing
Now in RF: Gil Palmer
Pinch Hitting: LHB Bill Smith 0-0: Ball
1-0: Ball
2-0: Ball
3-0: Called Strike
3-1: Called Strike
3-2: Base on Balls
Batting: RHB Jared Thompson 0-0: Ball
1-0: SINGLE (Groundball, 6MD)
Bill Smith to second
Batting: RHB Peter Hensley 0-0: Called Strike
0-1: Foul Ball, location: 2F
0-2: Foul Ball, location: 2F
0-2: SINGLE (Groundball, 34) (infield hit)
Bill Smith to third
Jared Thompson to second
Pinch Runner at 1st Nick Scott:
Batting: RHB Mario Méndez 0-0: Ball
1-0: Grounds into fielders choice 1-2 (Groundball, 13)
Jared Thompson to third
Nick Scott to second
Batting: RHB Alberto Chávez 0-0: Called Strike
0-1: Foul Ball, location: 2F
0-2: Ball
1-2: Strikes out swinging
Batting: SHB Felipe Castro 0-0: Ball
1-0: Ball
2-0: Ball
3-0: Called Strike
3-1: Base on Balls
Jared Thompson scores
Nick Scott to third
Mario Méndez to second
Batting: RHB David Hernández 0-0: Called Strike
0-1: Ball
1-1: Ball
2-1: Ground out 4-3 (Groundball, 4)
Top of the 7th over - 1 run, 2 hits, 0 errors, 3 left on base; Gresham 5 - District 9 4
BOTTOM OF THE 7TH
District 9 Prawns batting - Pitching for Gresham Gold Souls : RHP Jeff Hansen
Now in LF: Nick Scott
Now in CF: Bill Smith
Batting: LHB Mike Davis 0-0: Foul Ball, location: 2F
0-1: Ball
1-1: Ball
2-1: SINGLE (Line Drive, 34)
Batting: LHB Manuel Cardenas 0-0: Called Strike
0-1: Ball
1-1: Foul Ball, location: 2F
1-2: Ball
2-2: Fly out, F8 (Flyball, 8LXD)
Batting: RHB Edgardo Carrasco 0-0: Foul Ball, location: 2F
0-1: Ball
1-1: Called Strike
1-2: Ball
2-2: Ball
3-2: Foul Ball, location: 2F
3-2: Strikes out swinging
Batting: LHB Al Bartlett 0-0: Ball
1-0: Ball
2-0: Fly out, F7 (Line Drive, 78M)
Bottom of the 7th over - 0 runs, 1 hit, 0 errors, 1 left on base; Gresham 5 - District 9 4
TOP OF THE 8TH
Gresham Gold Souls batting - Pitching for District 9 Prawns : RHP Paul Ewing
Batting: RHB Willie Houk 0-0: Fly out, F8 (Flyball, 8RD)
Batting: SHB Dawson Fowler 0-0: Swinging Strike
0-1: Ball
1-1: Ball
2-1: Foul Ball, location: 2F
2-2: Strikes out swinging
Batting: LHB Bill Smith 0-0: Fly out, F4 (Popup, 13S)
Top of the 8th over - 0 runs, 0 hits, 0 errors, 0 left on base; Gresham 5 - District 9 4
BOTTOM OF THE 8TH
District 9 Prawns batting - Pitching for Gresham Gold Souls : RHP Jeff Hansen
Now at 2B: Adam Thomas
Batting: RHB Bernardo Corona 0-0: Called Strike
0-1: Hit by Pitch
Pitching: RHP Ramón Marerro
Batting: RHB Gil Palmer 0-0: Swinging Strike
0-1: Grounds into double play, 5-4-3 (Groundball, 5L)
Batting: RHB Alfredo Rangel 0-0: SINGLE (Line Drive, 78S)
Batting: SHB Júlio Macías 0-0: Called Strike
0-1: Ball
1-1: Swinging Strike
1-2: Strikes out looking
Bottom of the 8th over - 0 runs, 1 hit, 0 errors, 1 left on base; Gresham 5 - District 9 4
TOP OF THE 9TH
Gresham Gold Souls batting - Pitching for District 9 Prawns : RHP Paul Ewing
Batting: RHB Adam Thomas 0-0: Ball
1-0: Ball
2-0: Called Strike
2-1: Fly out, F9 (Line Drive, 89M)
Batting: LHB Nick Scott 0-0: Called Strike
0-1: Called Strike
0-2: Foul Ball, location: 2F
0-2: Foul Ball, location: 2F
0-2: Ball
1-2: Fly out, F8 (Flyball, 8LS)
Batting: RHB Mario Méndez 0-0: Called Strike
0-1: Ball
1-1: Ball
2-1: Ball
3-1: Base on Balls
Batting: RHB Alberto Chávez 0-0: Called Strike
0-1: Ball
1-1: Ball
2-1: Ball
3-1: Swinging Strike
3-2: Base on Balls
Mario Méndez to second
Pinch Runner at 2nd Jermaine Carter:
Batting: SHB Felipe Castro 0-0: Foul Ball, location: 2F
0-1: SINGLE (Line Drive, 89S)
Jermaine Carter to third
Alberto Chávez to second
Runner from 3rd tries for Home, SAFE, throw made home
Pitching: RHP Fernando Mendoza
Batting: RHB David Hernández 0-0: Foul Ball, location: 2F
0-1: Foul Ball, location: 2F
0-2: Strikes out looking
Top of the 9th over - 1 run, 1 hit, 0 errors, 2 left on base; Gresham 6 - District 9 4
BOTTOM OF THE 9TH
District 9 Prawns batting - Pitching for Gresham Gold Souls : RHP Ramón Marerro
Pitching: RHP Héctor Montoya
Now at C: Jaime Rodríguez
Batting: RHB José Colón 0-0: Ball
1-0: Called Strike
1-1: Ground out 5-3 (Groundball, 56S)
Batting: LHB Mike Davis 0-0: DOUBLE (Flyball, 8RXD)
Batting: LHB Manuel Cardenas 0-0: Ball
1-0: Ground out U3 (Groundball, 2R)
Mike Davis to third
Batting: RHB Edgardo Carrasco 0-0: Ball
Wild Pitch!
Mike Davis scores
1-0: Called Strike
1-1: Foul Ball, location: 2F
1-2: Hit by Pitch
Batting: LHB Al Bartlett 0-0: Ball
1-0: Ball
2-0: Called Strike
2-1: Ball
3-1: SINGLE (Line Drive, 8LM)
Edgardo Carrasco to second
Runner from 2nd tries for 3rd, SAFE, throw made to third
Pinch Hitting: LHB Leonard Young 0-0: Ball
1-0: Ball
2-0: SINGLE (Line Drive, 89S)
Edgardo Carrasco scores
Al Bartlett to second
Runner from 2nd tries for 3rd, SAFE, throw made to third
Batting: RHB Gil Palmer 0-0: Called Strike
0-1: Ball
1-1: Foul Ball, location: 2F
1-2: Ball
2-2: Foul Ball, location: 2F
2-2: Foul Ball, location: 2F
2-2: Ball
3-2: Base on Balls
Leonard Young to second
Pinch Hitting: RHB Brady McIntyre 0-0: Fly out, F8 (Line Drive, 8RD)
Bottom of the 9th over - 2 runs, 3 hits, 0 errors, 3 left on base; Gresham 6 - District 9 6
TOP OF THE 10TH
Gresham Gold Souls batting - Pitching for District 9 Prawns : RHP José Huerta
Pitching: RHP José Huerta
Now at 2B: Jeff Doss
Now at SS: António Romo
Pinch Hitting: SHB Todd Smith 0-0: Ball
1-0: SINGLE (Flyball, 7S)
Pitching: RHP Mike Stabler
Batting: SHB Dawson Fowler 0-0: Bunted foul
0-1: Bunted foul
Balk!
Todd Smith to second
0-2: Ball
1-2: Ball
2-2: Foul Ball, location: 2F
2-2: Foul Ball, location: 2F
2-2: Foul Ball, location: 2F
2-2: Strikes out looking
Batting: LHB Bill Smith 0-0: Intentional Walk
Pinch Runner at 2nd Jeff Douglas:
Batting: RHB Adam Thomas 0-0: Ball
1-0: Called Strike
1-1: Swinging Strike
1-2: Ball
2-2: Strikes out swinging
Batting: LHB Nick Scott 0-0: Foul Ball, location: 2F
0-1: Ball
1-1: Swinging Strike
1-2: Strikes out swinging
Top of the 10th over - 0 runs, 1 hit, 0 errors, 2 left on base; Gresham 6 - District 9 6
BOTTOM OF THE 10TH
District 9 Prawns batting - Pitching for Gresham Gold Souls : RHP Héctor Montoya
Pitching: RHP Bob Bartell
Now at 3B: Francis Shaffer
Batting: SHB Júlio Macías 0-0: Called Strike
0-1: Foul Ball, location: 2F
0-2: Ball
1-2: DOUBLE (Groundball, 3L)
Batting: RHB José Colón 0-0: Ball
1-0: Ball
2-0: Ball
3-0: Called Strike
3-1: Foul Ball, location: 2F
3-2: Foul Ball, location: 2F
3-2: Strikes out looking
Batting: LHB Mike Davis 0-0: Intentional Walk
Batting: LHB Manuel Cardenas 0-0: Ball
1-0: Called Strike
1-1: Fly out, F9 (Flyball, 89XD)
Runner from 2nd tags up, SAFE at 3rd, no throw
Batting: RHB Edgardo Carrasco 0-0: Ball
1-0: Foul Ball, location: 2F
1-1: Swinging Strike
1-2: Ball
2-2: Ball
3-2: Base on Balls
Mike Davis to second
Batting: LHB Al Bartlett 0-0: Fielders Choice at 2nd, 6-4 (Groundball, 6)
Bottom of the 10th over - 0 runs, 1 hit, 0 errors, 3 left on base; Gresham 6 - District 9 6
TOP OF THE 11TH
Gresham Gold Souls batting - Pitching for District 9 Prawns : RHP Mike Stabler
Batting: RHB Jaime Rodríguez 0-0: Swinging Strike
0-1: Foul Ball, location: 2F
0-2: Ball
1-2: Strikes out swinging
Batting: RHB Alberto Chávez 0-0: Ball
1-0: Ball
2-0: Foul Ball, location: 2F
2-1: Ball
3-1: Foul Ball, location: 2F
3-2: DOUBLE (Line Drive, 78D)
Batting: SHB Felipe Castro 0-0: Intentional Walk
Pinch Runner at 2nd Jeff McKinney:
Batting: RHB David Hernández 0-0: Swinging Strike
0-1: SINGLE (Groundball, 56D)
Jeff McKinney to third
Felipe Castro to second
Runner from 3rd tries for Home, SAFE, throw made home
Batting: SHB Francis Shaffer 0-0: Called Strike
0-1: Ball
1-1: Ball
2-1: Swinging Strike
2-2: Strikes out looking
Batting: SHB Dawson Fowler 0-0: Ball
1-0: Foul Ball, location: 2F
1-1: Foul Ball, location: 2F
1-2: Foul Ball, location: 2F
1-2: Ball
2-2: Ball
3-2: SINGLE (Groundball, 4D)
Felipe Castro to third
David Hernández to second
Felipe Castro scores
David Hernández to third
Pitching: RHP Clayton Hawkins
Batting: LHB Bill Smith 0-0: Foul Ball, location: 2F
0-1: Called Strike
0-2: Ground out U3 (Groundball, 3)
Top of the 11th over - 2 runs, 3 hits, 0 errors, 2 left on base; Gresham 8 - District 9 6
BOTTOM OF THE 11TH
District 9 Prawns batting - Pitching for Gresham Gold Souls : RHP Bob Bartell
Batting: LHB Jeff Doss 0-0: Fly out, F9 (Flyball, 89D)
Batting: RHB Gil Palmer 0-0: Ground out 5-3 (Groundball, 56)
Batting: LHB António Romo 0-0: Called Strike
0-1: Called Strike
0-2: Ball
1-2: Strikes out swinging
Bottom of the 11th over - 0 runs, 0 hits, 0 errors, 0 left on base; Gresham 8 - District 9 6
Saturday, April 7th, 2018 - OOTP Baseball 18.8 Build 76